 Dungeon Crawl Stone Soup version 0.31-a0-177-g4aa6249778 (webtiles) character file.

Game seed: 15214757006299629311

194670 qw the Peltast (level 18, 0/119 HPs)
             Began as a Gargoyle Fighter on June 18, 2023.
             Was a High Priest of Okawaru.
             Slain by a ten-headed hydra (8 damage)
             ... on level 4 of the Swamp.
             The game lasted 00:17:47 (29431 turns).

qw the Peltast (Gargoyle Fighter)                  Turns: 29431, Time: 00:17:48

Health: 0/119      AC: 52    Str: 33    XL:     18   Next: 76%
Magic:  25/25      EV: 16    Int: 10    God:    Okawaru [*****.]
Gold:   2211       SH: 21    Dex:  9    Spells: 17/17 levels left

rFire   + . .        a - +16 obsidian axe {drain, demonic, Mesm Drain Fly SInv}
rCold   + . .        J - +0 tower shield
rNeg    + + +        H - +7 plate armour of Neuboiduann {+Blink rF+ rN+}
rPois   inf          G - +2 helmet
rElec   +            m - +2 cloak of Levity {Contam rPois Str+2}
rCorr   .            n - +0 pair of gloves
SInv    +            u - +0 pair of boots "Vovvejus" {Rampage rN++ Stlth+}
Will    +....        t - amulet of Tiur {Faith rC+ Slay+2} Stlth
                     c - +5 ring of evasion
HPRegen 0.39/turn    C - +6 ring of strength
MPRegen 0.19/turn

%: rampage, faith
@: about to teleport, heroic, flying, mesmerised, slowed, very slow
A: sickness immunity, AC +13, big wings, negative energy resistance 1,
electricity resistance, torment resistance 1, petrification resistance,
iridescent scales 1, weak 1
a: Renounce Religion, Evoke Blink, Heroism, Finesse, Duel


You were on level 4 of the Swamp.
You worshipped Okawaru.
Okawaru was extremely pleased with you.
You visited 6 branches of the dungeon, and saw 30 of its levels.
You also visited: Gauntlet.

You collected 3239 gold pieces.
You spent 1028 gold pieces at shops.


Innate Abilities, Weirdness & Mutations

You are immune to sickness and miasma.
Your stone body is resilient. (AC +13)
You are immune to poison.
Your large and strong wings let you fly.
You resist negative energy. (rN+)
You are resistant to electric shocks. (rElec)
You are resistant to unholy torment.
You are immune to petrification.
You are partially covered in iridescent scales. (AC +2)
You are weak. (Str -2)


   Skills:
 - Level 15.0(20.0) Fighting
 - Level 18.0(23.0) Axes
 - Level 7.0(12.0) Throwing
 + Level 14.0(19.0) Armour
 - Level 4.0(9.0) Dodging
 - Level 18.3(23.3) Shields
 - Level 10.0 Invocations


You had 17 spell levels left.
You didn't know any spells.
Your spell library was empty.

Inventory:

Hand Weapons
 a - the +16 obsidian axe (weapon) {drain, demonic, Mesm Drain Fly SInv}
   (You acquired it on level 2 of the Dungeon)

   Mesm:      Its wielder is mesmerised by any visible foes, and it cannot be
   unequipped while any foes are visible.
   SInv:      It lets you see invisible.
   Fly:       It grants you flight.
   Drain:     It drains your maximum health when unequipped.
 q - a +0 heavy broad axe
Missiles
 o - 11 boomerangs (quivered)
Armour
 b - the +1 helmet of Fallacy {rPois rC+ Will-}
   (Okawaru gifted it to you on level 3 of the Spider Nest)

   rC:        It protects you from cold.
   rPois:     It protects you from poison.
   Will:      It decreases your willpower.
 m - the +2 cloak of Levity (worn) {Contam rPois Str+2}
   (You found it on level 4 of the Lair of Beasts)

   Str:       It affects your strength (+2).
   rPois:     It protects you from poison.
   Contam:    It causes magical contamination when unequipped.
 n - a +0 pair of gloves (worn)
 u - the +0 pair of boots "Vovvejus" (worn) {Rampage rN++ Stlth+}
   (Okawaru gifted it to you on level 1 of the Lair of Beasts)

   rN:        It greatly protects you from negative energy.
   Rampage:   It bestows one free step when moving towards enemies.
   Stlth:     It makes you more stealthy.
 D - the +3 kite shield of the Fiddle {rF- rC++ rN+ rCorr}
   (Okawaru gifted it to you on level 5 of the Lair of Beasts)

   rF:        It makes you vulnerable to fire.
   rC:        It greatly protects you from cold.
   rN:        It protects you from negative energy.
   rCorr:     It protects you from acid and corrosion.
 G - a +2 helmet (worn)
 H - the +7 plate armour of Neuboiduann (worn) {+Blink rF+ rN+}
   (Okawaru gifted it to you on level 1 of the Spider Nest)

   rF:        It protects you from fire.
   rN:        It protects you from negative energy.
   +Blink:    It lets you blink.
 J - a +0 tower shield (worn)
Jewellery
 c - a +5 ring of evasion (left hand)
 e - the ring "Kerounuo" {Contam rElec rC- rN+ MP+9 Str+6}
   (You found it on level 2 of the Dungeon)

   [ring of magical power]

   Str:       It affects your strength (+6).
   rC:        It makes you vulnerable to cold.
   rElec:     It insulates you from electricity.
   rN:        It protects you from negative energy.
   MP:        It affects your magic capacity (+9).
   Contam:    It causes magical contamination when unequipped.
 l - a ring of ice
 t - the amulet of Tiur (around neck) {Faith rC+ Slay+2}
   (You acquired it on level 1 of the Lair of Beasts)

   [amulet of faith]

   It allows you to gain divine favour quickly.
   Slay:      It affects your accuracy & damage with ranged weapons and melee
   (+2).
   rC:        It protects you from cold.
 C - a +6 ring of strength (right hand)
Wands
 w - a wand of digging (6)
Scrolls
 r - 10 scrolls of teleportation
 s - 14 scrolls of identify
 y - a scroll of brand weapon
 A - a scroll of enchant weapon
Potions
 d - 6 potions of might
 f - 4 potions of resistance
 h - 5 potions of attraction
 i - 5 potions of enlightenment
 j - 2 potions of heal wounds
 k - 6 potions of haste
 p - 3 potions of magic
 x - 6 potions of curing
 z - 2 potions of lignification
 F - a potion of mutation

Dungeon Overview and Level Annotations

Branches:
Dungeon (15/15)            Temple (1/1) D:5            Lair (5/5) D:10
  Swamp (4/4) Lair:2       Spider (3/4) Lair:3        Slime (0/5) Lair:5
    Orc (2/2) D:12            Elf (0/3) Orc:2        Vaults (0/5) D:14
 Depths (0/4) D:15        Gauntlet (visited)

Altars:
Ashenzari
Cheibriados
Dithmenos
Elyvilon
Fedhas
Gozag
Hepliaklqana
Kikubaaqudgha
Makhleb
Nemelex Xobeh
Okawaru
Qazlal
Ru
Sif Muna
Trog
Uskayaw
Vehumet
Wu Jian
Xom
Yredelemnul
Zin
The Shining One

Shops:
D:10 =   Orc:2 ?!(:[

Annotations:
D:5 1 runed translucent door, Crazy Yiuf
D:6 3 runed translucent doors, qw's ghost, novice GrFi
D:10 2 runed translucent doors


Message History

The seven-headed hydra misses you.
The seven-headed hydra bites you but does no damage.
The seven-headed hydra bites you.
The seven-headed hydra bites you but does no damage.
The ten-headed hydra bites you.
You block the ten-headed hydra's attack.
The ten-headed hydra completely misses you.
The ten-headed hydra bites you but does no damage. x4
You block the ten-headed hydra's attack.
The ten-headed hydra bites you but does no damage. x2
A bog body comes into view.
The 11-headed hydra bites you. x2; The 11-headed hydra misses you.
You block the 11-headed hydra's attack. The 11-headed hydra bites you.
The 11-headed hydra misses you. You block the 11-headed hydra's attack.
The 11-headed hydra closely misses you. The 11-headed hydra misses you.
The 11-headed hydra bites you but does no damage.
The 11-headed hydra barely misses you. The bog body casts a spell at you.
The bolt of cold hits you. You resist.
The five-headed hydra is engulfed in spectral mist.
The spriggan rider is engulfed in spectral mist.
The spriggan rider hits you but does no damage.
The spriggan rider is engulfed in spectral mist.
The spriggan rider hits you but does no damage.
29431 ||| READING 11 scrolls of teleportation.
As you read the scroll of teleportation, it crumbles to dust.
You feel strangely unstable.
Visions of slaying the bog body flood into your mind.
You are engulfed in freezing vapours.
You resist.
The spectral death drake fades away!
The seven-headed hydra bites you but does no damage.
You block the seven-headed hydra's attack.
The seven-headed hydra bites you but does no damage.
The seven-headed hydra barely misses you.
The seven-headed hydra bites you but does no damage.
You block the seven-headed hydra's attack.
The seven-headed hydra bites you but does no damage.
You block the ten-headed hydra's attack. x2
The ten-headed hydra bites you! x2
You die...

.¤~~~..~~~~¤.7 ~~~~77
7~~~~~..~~~~¤%7 7.~~~..
7~7~.~.7~....~77~~.~.~~
~<..~.[......~7.~.~.$.
77..~~~~~.../%%....~.~
7...~~~~~~~.%.~.~...~7
77.~~%%~~~.~.77...~7#
7.~...¤~~~n%%77~~##
777.~¤.~~~~[D@77 ~##
77~77...%~~~~DD77 7
77~¤77.~~~~~.i¤Di7
7.~~.77¤~~~~~~00t7
77~~~...¤~~~~00¤77
7.~~~~~...~.77D.77
77.~~~¤..)~777.n.7.
7~~~~~..)~~~~~~¤n.n.n
7~.¤~~.~..¤~.~~~~~.~~


You could see a 11-headed hydra (drained), a ten-headed hydra (drained), a
seven-headed hydra, a five-headed hydra, a swamp dragon, 2 spriggan riders, a
ghost crab and 2 bog bodies.

Vanquished Creatures
  Jorgrun (Orc:1)
  Mlioglotl (Swamp:2)
  Donald (Swamp:2)
  A thorn hunter (Swamp:4)
  Louise (D:14)
  A balrug (Gauntlet)
  9 emperor scorpions
  4 ghost moths
  2 ghouls (Swamp:4)
  4 eleionomae
  2 dire elephants (Lair:5)
  A minotaur (Gauntlet)
  7 bunyips
  3 spark wasps
  Josephine (D:10)
  2 shambling mangroves
  A fire dragon (D:15)
  2 entropy weavers
  A rakshasa (D:13)
  3 vault guards (D:14)
  A ghost crab (Swamp:2)
  2 catoblepae (Lair:5)
  12 hydras
  2 ice dragons
  4 radroaches (Spider:3)
  A death knight (D:14)
  5 two-headed ogres
  8 boulder beetles
  3 jorogumos
  4 centaur warriors
  13 alligators
  6 tengu warriors
  A death yak (Lair:4)
  An orc high priest (Orc:2)
  7 demonic crawlers
  Urug (Lair:4)
  A fire crab (Lair:5)
  9 goliath frogs
  2 skeletal warriors (D:14)
  4 pharaoh ants
  A sun moth (Spider:2)
  3 spriggan druids
  5 orb spiders
  8 swamp dragons
  3 lindwurms (Lair:5)
  6 steelbarb worms
  A deep elf pyromancer (D:13)
  6 bog bodies
  3 oklob plants (Lair:5)
  4 orc sorcerers
  14 wolf spiders
  9 ugly things
  5 manticores
  2 will-o-the-wisps (Swamp:2)
  5 cyclopes
  A moth of wrath (Spider:3)
  6 elephants (Lair:4)
  4 black mambas
  11 cane toads
  5 torpor snails
  A gargoyle (D:11)
  14 komodo dragons
  An unseen horror (shapeshifter) (D:13)
  7 rime drakes
  A yaktaur (shapeshifter) (D:14)
  An efreet (D:14)
  2 freezing wraiths
  3 tengu conjurers
  A troll (D:13)
  2 bloated husks
  15 polar bears
  17 tyrant leeches
  6 meliai (Spider:3)
  6 raiju (Lair:5)
  21 tarantellas
  12 hornets
  A blink frog (shapeshifter) (Spider:2)
  15 blink frogs
  6 dream sheep (Lair:5)
  A shapeshifter (D:15)
  5 spriggans
  2 shadows (D:10)
  2 vampires
  8 wraiths
  3 slime creatures (D:14)
  Sigmund (D:3)
  18 culicivoras
  9 humans (D:14)
  75 yaks
  7 basilisks
  21 jumping spiders
  6 wyverns
  15 vampire mosquitoes
  Grum (D:8)
  A steam dragon (D:10)
  53 redbacks
  10 wargs
  Menkaure (D:4)
  19 swamp worms
  3 acid dragons
  10 hell hounds
  30 water moccasins
  25 orc warriors
  15 black bears
  2 swamp drakes
  A sky beast (D:7)
  An ice beast (D:7)
  8 ogres
  12 boggarts
  12 centaurs
  33 wolves
  A phantom (D:6)
  A lemure (D:5)
  Blork the orc (D:5)
  11 bullfrogs
  A necrophage (Swamp:4)
  A scorpion (D:6)
  3 gnoll sergeants
  9 wights
  3 electric eels
  A hound (D:7)
  27 orc priests
  A jelly (D:6)
  A sleepcap (D:6)
  4 iguanas
  46 orc wizards
  A statue (D:15)
  20 gnolls
  22 adders
  A white imp (D:5)
  2 ufetubi
  A worm (D:2)
  77 orcs
  7 endoplasms
  A giant cockroach (D:1)
  8 goblins
  4 hobgoblins
  2 jackals (D:1)
  6 kobolds
  4 quokkas
  2 ball pythons
  4 bats
  5 frilled lizards
  3 rats
1060 creatures vanquished.

Vanquished Creatures (collateral kills)
  Pikel (D:5)
  A lemure (D:5)
  A scorpion (D:4)
  A sleepcap (D:4)
  Ijyb (D:3)
  A dart slug (D:4)
  2 orcs (D:4)
  A giant cockroach (D:4)
  A quokka (D:5)
10 creatures vanquished.

Vanquished Creatures (others)
  A spriggan druid (Swamp:3)
  A will-o-the-wisp (Swamp:1)
  2 bloated husks (Swamp:3)
  A spriggan (Swamp:3)
  An orc priest (Orc:2)
  8 foxfires
14 creatures vanquished.

Grand Total: 1084 creatures vanquished

Notes
Turn   | Place    | Note
-------+----------+-------------------------------------------
     0 | D:1      | qw the Gargoyle Fighter began the quest for the Orb.
     0 | D:1      | Reached XP level 1. HP: 14/14 MP: 1/1
     0 | D:1      | 0 ||| qw: Version: 0.3-a-7-ge0c9b40
     0 | D:1      | 0 ||| qw: Game counter: 841
     0 | D:1      | 0 ||| qw: Always use a shield: true
     0 | D:1      | 0 ||| qw: God list: Okawaru
     0 | D:1      | 0 ||| qw: Allow faded altars: false
     0 | D:1      | 0 ||| qw: Do Orc after D:15 true
     0 | D:1      | 0 ||| qw: Do second Lair branch before Depths: true
     0 | D:1      | 0 ||| qw: Lair rune preference: random
     0 | D:1      | 0 ||| qw: Plans: Normal, Zot:1-4, Slime:5, God:TSO, Crypt,
                  | Tomb, Abyss, Pan, Hells, Win
     0 | D:1      | 0 ||| PLANNING D:1-11
    58 | D:1      | 58 ||| Stepping ~*~*~tactically~*~*~ (hiding).
    60 | D:1      | 60 ||| Stepping ~*~*~tactically~*~*~ (hiding).
    62 | D:1      | 62 ||| Stepping ~*~*~tactically~*~*~ (hiding).
   266 | D:1      | Reached XP level 2. HP: 19/19 MP: 2/2
   493 | D:1      | 493 ||| Stepping ~*~*~tactically~*~*~ (hiding).
   761 | D:1      | 761 ||| Stepping ~*~*~tactically~*~*~ (stealth).
   775 | D:1      | Reached skill level 3 in Axes
   850 | D:1      | 850 ||| UPGRADING to ring of see invisible.
   851 | D:1      | 851 ||| READING 2 scrolls labelled ITAETAYVYV.
   852 | D:1      | 852 ||| DROPPING scroll of poison.
   902 | D:2      | Reached XP level 3. HP: 23/23 MP: 3/3
   957 | D:2      | 957 ||| Stepping ~*~*~tactically~*~*~ (stealth).
   958 | D:2      | 958 ||| Stepping ~*~*~tactically~*~*~ (stealth).
  1511 | D:2      | Identified the ring "Kerounuo" {Contam rElec rC- rN+ MP+9
                  | Str+6}
  1731 | D:2      | 1731 ||| UPGRADING to ring "Kerounuo" {Contam rElec rC- rN+
                  | MP+9 Str+6}.
  1801 | D:2      | 1801 ||| READING scroll labelled RIADAUTT ZENOUROU.
  1802 | D:2      | 1802 ||| READING scroll labelled EGUMMU QUOME.
  1805 | D:2      | 1805 ||| READING scroll labelled LIUNLO VOYKH.
  1805 | D:2      | Identified a scroll of acquirement
  1805 | D:2      | 1805 ||| ACQUIRING +16 obsidian axe {drain, demonic, Mesm
                  | Drain Fly SInv}
  1805 | D:2      | Acquired the +16 obsidian axe {drain, demonic, Mesm Drain
                  | Fly SInv}
  1805 | D:2      | Found the +16 obsidian axe {drain, demonic, Mesm Drain Fly
                  | SInv}
  1807 | D:2      | 1807 ||| SWAPPING to +16 obsidian axe {drain, demonic, Mesm
                  | Drain Fly SInv}.
  1808 | D:2      | 1808 ||| REMOVING ring of see invisible.
  1809 | D:2      | 1809 ||| DRINKING 2 murky emerald potions.
  1871 | D:3      | Noticed Sigmund
  1880 | D:3      | Killed Sigmund
  1881 | D:3      | Reached XP level 4. HP: 23/28 MP: 4/4
  1881 | D:3      | Reached XP level 5. HP: 27/32 MP: 5/5
  1967 | D:3      | Noticed Ijyb
  1968 | D:3      | 1968 ||| Stepping ~*~*~tactically~*~*~ (hiding).
  1978 | D:3      | Killed Ijyb
  1979 | D:3      | Reached skill level 1 in Dodging
  1979 | D:3      | Reached XP level 6. HP: 37/37 MP: 6/6
  2016 | D:3      | Found a shimmering blue altar of Sif Muna.
  2020 | D:3      | Found a shadowy altar of Dithmenos.
  2115 | D:3      | 2115 ||| READING scroll of acquirement.
  2115 | D:3      | 2115 ||| ACQUIRING +3 buckler "Fosmi" {rN+ Dex+2}
  2115 | D:3      | Acquired the +3 buckler "Fosmi" {rN+ Dex+2}
  2117 | D:3      | 2117 ||| UPGRADING to +3 buckler "Fosmi" {rN+ Dex+2}.
  2127 | D:3      | 2127 ||| DROPPING +0 buckler.
  2253 | D:3      | Found a basalt altar of Yredelemnul.
  2254 | D:3      | 2254 ||| DROPPING +2 leather armour of fire resistance.
  2255 | D:3      | 2255 ||| UPGRADING to +0 chain mail.
  2265 | D:3      | 2265 ||| DROPPING +0 scale mail.
  2274 | D:3      | 2274 ||| Stepping ~*~*~tactically~*~*~ (stealth).
  2395 | D:3      | 2395 ||| DROPPING +0 club.
  2444 | D:3      | Found an opulent altar of Gozag.
  2444 | D:3      | Found a glowing silver altar of Zin.
  2515 | D:3      | 2515 ||| READING 3 scrolls labelled BACRIF TUZUOX.
  2516 | D:3      | 2516 ||| READING scroll labelled UXEITUS TUXI.
  2517 | D:3      | 2517 ||| READING 2 scrolls of identify.
  2517 | D:3      | 2517 ||| IDENTIFYING fizzy grey potion
  2557 | D:4      | 2557 ||| STAIRDANCE
  2582 | D:4      | Found a glowing golden altar of the Shining One.
  2635 | D:4      | Noticed Menkaure
  2640 | D:4      | Killed Menkaure
  2641 | D:4      | Reached skill level 6 in Axes
  2641 | D:4      | Reached XP level 7. HP: 44/44 MP: 7/7
  2649 | D:4      | Found a broken altar of Ashenzari.
  2726 | D:4      | 2726 ||| DROPPING +1 whip of freezing.
  2729 | D:4      | 2729 ||| DROPPING +0 mace.
  2739 | D:4      | 2739 ||| DROPPING +0 flail.
  2754 | D:4      | Found a snail-covered altar of Cheibriados.
  3045 | D:4      | Found a white marble altar of Elyvilon.
  3107 | D:4      | 3107 ||| UPGRADING to +0 cloak.
  3112 | D:4      | 3112 ||| DROPPING ring of magical power.
  3113 | D:4      | 3113 ||| READING scroll labelled WIHEOS ZUNOA.
  3114 | D:4      | 3114 ||| READING scroll labelled GOELOU BOEHISI.
  3115 | D:4      | 3115 ||| DRINKING 2 viscous sapphire potions.
  3116 | D:4      | 3116 ||| DRINKING 2 pink potions.
  3117 | D:4      | 3117 ||| DRINKING 2 fizzy emerald potions.
  3118 | D:4      | 3118 ||| READING 2 scrolls of identify.
  3118 | D:4      | 3118 ||| IDENTIFYING red potion
  3119 | D:4      | 3119 ||| DROPPING potion of ambrosia.
  3120 | D:4      | 3120 ||| DROPPING potion of brilliance.
  3121 | D:4      | 3121 ||| DROPPING potion of degeneration.
  3135 | D:5      | Entered Level 5 of the Dungeon
  3135 | D:5      | Noticed Pikel
  3139 | D:5      | Killed Pikel
  3140 | D:5      | Reached XP level 8. HP: 48/48 MP: 8/8
  3203 | D:5      | Noticed Blork the orc
  3207 | D:5      | Killed Blork the orc
  3235 | D:5      | Found an ornate altar of the Wu Jian Council.
  3236 | D:5      | 3236 ||| Stepping ~*~*~tactically~*~*~ (stealth).
  3323 | D:5      | Found a runed translucent door.
  3324 | D:5      | Noticed Crazy Yiuf
  3637 | D:5      | Found a hazy altar of Hepliaklqana.
  3666 | D:5      | Reached skill level 1 in Throwing
  3727 | D:5      | 3727 ||| Stepping ~*~*~tactically~*~*~ (hiding).
  3859 | D:5      | Found a staircase to the Ecumenical Temple.
  3860 | D:5      | 3860 ||| PLANNING TEMPLE
  3860 | D:5      | 3860 ||| Stepping ~*~*~tactically~*~*~ (hiding).
  3909 | D:5      | 3909 ||| READING scroll labelled LOGUAV BIUV.
  3910 | D:5      | 3910 ||| READING scroll labelled EMMUXO GAWU.
  3911 | D:5      | 3911 ||| READING scroll labelled ZYAXTEXUEP.
  3912 | D:5      | 3912 ||| DRINKING 2 orange potions.
  3921 | Temple   | Entered the Ecumenical Temple
  3922 | Temple   | 3922 ||| PLANNING OKAWARU WORSHIP
  3983 | Temple   | Became a worshipper of Warmaster Okawaru
  3984 | Temple   | 3984 ||| PLANNING D:1-11
  5087 | D:5      | 5087 ||| Stepping randomly (stuck).
  5152 | D:6      | Reached skill level 6 in Fighting
  5176 | D:6      | Noticed qw's ghost (novice GrFi)
  5238 | D:6      | Found a runed translucent gate.
  5238 | D:6      | Found a runed translucent gate.
  5238 | D:6      | Found a runed translucent gate.
  5633 | D:6      | Reached skill level 9 in Axes
  5633 | D:6      | Reached XP level 9. HP: 55/55 MP: 9/9
  5855 | D:6      | 5855 ||| UPGRADING to +0 fire dragon scales.
  5865 | D:6      | 5865 ||| READING scroll labelled ITEFUO DIYM.
  5906 | D:7      | 5906 ||| Stepping ~*~*~tactically~*~*~ (hiding).
  5911 | D:7      | 5911 ||| Stepping ~*~*~tactically~*~*~ (stealth).
  5920 | D:7      | Reached * piety under Okawaru
  5951 | D:7      | 5951 ||| FLEEEEING.
  5952 | D:7      | 5952 ||| FLEEEEING.
  5953 | D:7      | 5953 ||| FLEEEEING.
  5954 | D:7      | 5954 ||| FLEEEEING.
  5959 | D:7      | Reached skill level 1 in Invocations
  5979 | D:7      | 5979 ||| DROPPING +0 war axe.
  6146 | D:7      | 6146 ||| Stepping ~*~*~tactically~*~*~ (stealth).
  6153 | D:7      | 6153 ||| Stepping ~*~*~tactically~*~*~ (stealth).
  6155 | D:7      | 6155 ||| Stepping ~*~*~tactically~*~*~ (stealth).
  6156 | D:7      | 6156 ||| Stepping ~*~*~tactically~*~*~ (stealth).
  6166 | D:7      | 6166 ||| Stepping ~*~*~tactically~*~*~ (stealth).
  6169 | D:7      | Reached skill level 3 in Invocations
  6175 | D:7      | 6175 ||| Stepping ~*~*~tactically~*~*~ (hiding).
  6178 | D:7      | 6178 ||| Stepping ~*~*~tactically~*~*~ (hiding).
  6186 | D:7      | 6186 ||| Stepping ~*~*~tactically~*~*~ (stealth).
  6248 | D:7      | 6248 ||| Stepping ~*~*~tactically~*~*~ (stealth).
  6249 | D:7      | 6249 ||| Stepping ~*~*~tactically~*~*~ (stealth).
  6252 | D:7      | 6252 ||| Stepping ~*~*~tactically~*~*~ (stealth).
  6445 | D:7      | 6445 ||| Stepping ~*~*~tactically~*~*~ (stealth).
  6639 | D:7      | 6639 ||| DROPPING +0 chain mail.
  6640 | D:7      | 6640 ||| UPGRADING to amulet of the acrobat.
  6645 | D:7      | 6645 ||| READING 3 scrolls of identify.
  6645 | D:7      | 6645 ||| IDENTIFYING coppery potion
  6646 | D:7      | 6646 ||| READING 2 scrolls of identify.
  6646 | D:7      | 6646 ||| IDENTIFYING inky potion
  6673 | D:8      | Noticed a two-headed ogre
  6674 | D:8      | 6674 ||| INVOKING Heroism.
  6680 | D:8      | Killed a two-headed ogre
  6680 | D:8      | Reached ** piety under Okawaru
  6681 | D:8      | Reached XP level 10. HP: 63/63 MP: 13/13
  6954 | D:8      | 6954 ||| Stepping ~*~*~tactically~*~*~ (hiding).
  6955 | D:8      | 6955 ||| Stepping ~*~*~tactically~*~*~ (hiding).
  6963 | D:8      | 6963 ||| Stepping ~*~*~tactically~*~*~ (stealth).
  6974 | D:8      | 6974 ||| FLEEEEING.
  7102 | D:8      | 7102 ||| Stepping ~*~*~tactically~*~*~ (hiding).
  7103 | D:8      | 7103 ||| Stepping ~*~*~tactically~*~*~ (hiding).
  7104 | D:8      | 7104 ||| INVOKING Heroism.
  7107 | D:8      | Reached *** piety under Okawaru
  7112 | D:8      | Reached skill level 3 in Throwing
  7331 | D:8      | Noticed Grum
  7331 | D:8      | 7331 ||| Stepping ~*~*~tactically~*~*~ (hiding).
  7336 | D:8      | 7336 ||| INVOKING Heroism.
  7340 | D:8      | Killed Grum
  7406 | D:8      | 7406 ||| Stepping ~*~*~tactically~*~*~ (hiding).
  7774 | D:8      | 7774 ||| UPGRADING to +6 ring of strength.
  7775 | D:8      | 7775 ||| DRINKING 2 murky ruby potions.
  7776 | D:8      | 7776 ||| READING 2 scrolls of identify.
  7776 | D:8      | 7776 ||| IDENTIFYING sedimented blue potion
  7799 | D:9      | 7799 ||| Stepping ~*~*~tactically~*~*~ (stealth).
  7800 | D:9      | 7800 ||| Stepping ~*~*~tactically~*~*~ (stealth).
  7802 | D:9      | 7802 ||| Stepping ~*~*~tactically~*~*~ (stealth).
  7805 | D:9      | 7805 ||| Stepping ~*~*~tactically~*~*~ (stealth).
  7808 | D:9      | 7808 ||| INVOKING Heroism.
  7810 | D:9      | 7810 ||| Stepping ~*~*~tactically~*~*~ (hiding).
  7811 | D:9      | 7811 ||| Stepping ~*~*~tactically~*~*~ (hiding).
  7823 | D:9      | 7823 ||| INVOKING Heroism.
  8037 | D:9      | Noticed a two-headed ogre
  8038 | D:9      | 8038 ||| INVOKING Heroism.
  8040 | D:9      | Killed a two-headed ogre
  8195 | D:9      | 8195 ||| Stepping ~*~*~tactically~*~*~ (stealth).
  8209 | D:9      | Reached XP level 11. HP: 69/69 MP: 14/14
  8224 | D:9      | 8224 ||| Stepping ~*~*~tactically~*~*~ (hiding).
  8423 | D:9      | 8423 ||| INVOKING Heroism.
  8430 | D:9      | Reached skill level 9 in Fighting
  8521 | D:9      | 8521 ||| DROPPING +2 flail.
  8543 | D:9      | 8543 ||| INVOKING Heroism.
  8643 | D:9      | Identified the +3 leather armour "Fecof" {+Inv Will-
                  | Regen+}
  8668 | D:9      | Found a sacrificial altar of Ru.
  8706 | D:10     | Entered Level 10 of the Dungeon
  8755 | D:10     | Found Jaypt's Jewellery Boutique.
  8763 | D:10     | 8763 ||| BUYING +5 ring of evasion (432 gold).
  8763 | D:10     | Bought a +5 ring of evasion for 432 gold pieces
  8763 | D:10     | 8763 ||| SHOPLISTING +5 ring of evasion (432 gold, have
                  | 87).
  8763 | D:10     | 8763 ||| SHOPLISTING ring of Aruoherr {rN+ Slay+4} (1070
                  | gold, have 87).
  8788 | D:10     | Noticed a two-headed ogre
  8789 | D:10     | 8789 ||| INVOKING Heroism.
  8797 | D:10     | HP: 17/71 [two-headed ogre/+0 dire flail (14)]
  8798 | D:10     | 8798 ||| READING 5 scrolls of teleportation.
  8799 | D:10     | 8799 ||| DRINKING 2 potions of heal wounds.
  9069 | D:10     | 9069 ||| Stepping ~*~*~tactically~*~*~ (hiding).
  9073 | D:10     | 9073 ||| INVOKING Heroism.
  9097 | D:10     | 9097 ||| Stepping ~*~*~tactically~*~*~ (stealth).
  9125 | D:10     | Noticed Josephine
  9129 | D:10     | 9129 ||| INVOKING Heroism.
  9131 | D:10     | Killed Josephine
  9132 | D:10     | Reached skill level 12 in Axes
  9136 | D:10     | Killed a two-headed ogre
  9136 | D:10     | Reached **** piety under Okawaru
  9137 | D:10     | Reached skill level 3 in Dodging
  9161 | D:10     | Found a runed translucent door.
  9163 | D:10     | Found a runed translucent door.
  9207 | D:10     | 9207 ||| Stepping ~*~*~tactically~*~*~ (hiding).
  9216 | D:10     | 9216 ||| Stepping ~*~*~tactically~*~*~ (hiding).
  9291 | D:10     | 9291 ||| Stepping ~*~*~tactically~*~*~ (stealth).
  9305 | D:10     | Reached skill level 6 in Shields
  9495 | D:10     | Found a staircase to the Lair.
  9500 | D:10     | Reached ***** piety under Okawaru
  9557 | D:10     | 9557 ||| PLANNING LAIR
  9557 | D:10     | 9557 ||| UPGRADING to +0 kite shield.
  9567 | D:10     | 9567 ||| DROPPING +3 buckler "Fosmi" {rN+ Dex+2}.
  9568 | D:10     | 9568 ||| UPGRADING to +5 ring of evasion.
  9570 | D:10     | 9570 ||| DROPPING ring of see invisible.
  9571 | D:10     | 9571 ||| READING scroll labelled SUWKEI XIDWITT.
  9612 | D:10     | 9612 ||| READING 2 scrolls of identify.
  9612 | D:10     | 9612 ||| IDENTIFYING green potion
  9650 | Lair:1   | Entered Level 1 of the Lair of Beasts
  9652 | Lair:1   | 9652 ||| INVOKING Heroism.
  9660 | Lair:1   | Reached skill level 6 in Invocations
  9673 | Lair:1   | 9673 ||| FLEEEEING.
  9674 | Lair:1   | 9674 ||| STAIRDANCE
  9813 | Lair:1   | 9813 ||| INVOKING Heroism.
  9865 | Lair:1   | 9865 ||| INVOKING Heroism.
  9876 | Lair:1   | Reached XP level 12. HP: 68/76 MP: 17/17
  9935 | Lair:1   | 9935 ||| INVOKING Heroism.
  9954 | Lair:1   | 9954 ||| Stepping ~*~*~tactically~*~*~ (stealth).
  9955 | Lair:1   | 9955 ||| Stepping ~*~*~tactically~*~*~ (stealth).
  9956 | Lair:1   | 9956 ||| Stepping ~*~*~tactically~*~*~ (stealth).
  9966 | Lair:1   | 9966 ||| Stepping ~*~*~tactically~*~*~ (stealth).
 10024 | Lair:1   | 10024 ||| READING scroll of acquirement.
 10024 | Lair:1   | 10024 ||| ACQUIRING amulet of Tiur {Faith rC+ Slay+2}
 10024 | Lair:1   | Acquired the amulet of Tiur {Faith rC+ Slay+2}
 10026 | Lair:1   | 10026 ||| UPGRADING to amulet of Tiur {Faith rC+ Slay+2}.
 10065 | Lair:1   | 10065 ||| Stepping ~*~*~tactically~*~*~ (stealth).
 10103 | Lair:1   | Identified the +0 pair of boots "Vovvejus" {Rampage rN++
                  | Stlth+} (Okawaru gifted it to you on level 1 of the Lair of
                  | Beasts)
 10103 | Lair:1   | Received a gift from Okawaru
 10258 | Lair:1   | 10258 ||| INVOKING Heroism.
 10334 | Lair:1   | 10334 ||| Stepping ~*~*~tactically~*~*~ (hiding).
 10336 | Lair:1   | 10336 ||| Stepping ~*~*~tactically~*~*~ (stealth).
 10388 | Lair:1   | 10388 ||| Stepping ~*~*~tactically~*~*~ (stealth).
 10389 | Lair:1   | 10389 ||| Stepping ~*~*~tactically~*~*~ (stealth).
 10390 | Lair:1   | 10390 ||| Stepping ~*~*~tactically~*~*~ (stealth).
 10392 | Lair:1   | 10392 ||| INVOKING Heroism.
 10497 | Lair:1   | 10497 ||| INVOKING Heroism.
 10504 | Lair:1   | Reached skill level 9 in Shields
 10723 | Lair:1   | Reached skill level 9 in Invocations
 10881 | Lair:1   | 10881 ||| UPGRADING to +0 pair of boots "Vovvejus" {Rampage
                  | rN++ Stlth+}.
 10886 | Lair:1   | 10886 ||| UPGRADING to +0 plate armour.
 10896 | Lair:1   | 10896 ||| DROPPING amulet of the acrobat.
 10897 | Lair:1   | 10897 ||| DROPPING ring of wizardry.
 10898 | Lair:1   | 10898 ||| UPGRADING to +6 ring of strength.
 10902 | Lair:1   | Gained mutation: You sometimes lose your temper in combat.
                  | [mutagenic glow]
 10941 | Lair:2   | 10941 ||| DRINKING potion of mutation.
 10941 | Lair:2   | Lost mutation: You sometimes lose your temper in combat.
                  | [potion of mutation]
 10941 | Lair:2   | Gained mutation: You are weak. (Str -2) [potion of
                  | mutation]
 10941 | Lair:2   | Gained mutation: You are partially covered in iridescent
                  | scales. (AC +2) [potion of mutation]
 10948 | Lair:2   | 10948 ||| Stepping ~*~*~tactically~*~*~ (stealth).
 10950 | Lair:2   | 10950 ||| Stepping ~*~*~tactically~*~*~ (stealth).
 10957 | Lair:2   | Reached skill level 6 in Armour
 11295 | Lair:2   | You are sucked into a shaft and drop 2 floors!
 11298 | Lair:4   | 11298 ||| Stepping ~*~*~tactically~*~*~ (stealth).
 11322 | Lair:4   | 11322 ||| Stepping ~*~*~tactically~*~*~ (stealth).
 11340 | Lair:4   | Noticed a death yak
 11341 | Lair:4   | 11341 ||| INVOKING Heroism.
 11342 | Lair:4   | 11342 ||| INVOKING Finesse.
 11351 | Lair:4   | Killed a death yak
 11402 | Lair:4   | Identified the +2 cloak of Levity {Contam rPois Str+2}
 11429 | Lair:4   | Noticed a five-headed hydra
 11430 | Lair:4   | 11430 ||| INVOKING Heroism.
 11431 | Lair:4   | 11431 ||| INVOKING Finesse.
 11437 | Lair:4   | Killed a five-headed hydra
 11438 | Lair:4   | Reached XP level 13. HP: 80/80 MP: 12/20
 11555 | Lair:4   | Noticed Urug
 11556 | Lair:4   | 11556 ||| INVOKING Heroism.
 11557 | Lair:4   | 11557 ||| INVOKING Finesse.
 11567 | Lair:4   | Killed Urug
 11570 | Lair:4   | 11570 ||| UPGRADING to +0 helmet.
 11575 | Lair:4   | 11575 ||| UPGRADING to +2 cloak of Levity {Contam rPois
                  | Str+2}.
 11585 | Lair:4   | 11585 ||| DROPPING +0 cloak.
 11586 | Lair:4   | 11586 ||| READING scroll labelled CAFAUG ZAPTUDD.
 11587 | Lair:4   | 11587 ||| READING 2 scrolls of identify.
 11587 | Lair:4   | 11587 ||| IDENTIFYING viscous pink potion
 11626 | Lair:3   | Reached skill level 9 in Armour
 11748 | Lair:2   | 11748 ||| INVOKING Heroism.
 11949 | Lair:2   | Found a staircase to the Swamp.
 11950 | Lair:2   | 11950 ||| INVOKING Heroism.
 12056 | Lair:2   | 12056 ||| INVOKING Heroism.
 12102 | Lair:2   | 12102 ||| INVOKING Heroism.
 12481 | Lair:3   | 12481 ||| INVOKING Heroism.
 12519 | Lair:3   | 12519 ||| Stepping ~*~*~tactically~*~*~ (stealth).
 12520 | Lair:3   | 12520 ||| INVOKING Finesse.
 12521 | Lair:3   | 12521 ||| INVOKING Finesse.
 12724 | Lair:3   | 12724 ||| UPGRADING to +0 pair of gloves.
 12817 | Lair:4   | 12817 ||| INVOKING Heroism.
 12818 | Lair:4   | 12818 ||| INVOKING Finesse.
 12828 | Lair:4   | 12828 ||| Stepping ~*~*~tactically~*~*~ (stealth).
 12861 | Lair:4   | 12861 ||| INVOKING Heroism.
 12873 | Lair:4   | 12873 ||| Stepping ~*~*~tactically~*~*~ (stealth).
 12964 | Lair:3   | 12964 ||| INVOKING Heroism.
 13033 | Lair:3   | Found a hole to the Spider Nest.
 13055 | Lair:3   | 13055 ||| INVOKING Heroism.
 13369 | Lair:3   | 13369 ||| Stepping ~*~*~tactically~*~*~ (stealth).
 13378 | Lair:3   | 13378 ||| Stepping ~*~*~tactically~*~*~ (stealth).
 13431 | Lair:3   | 13431 ||| Stepping ~*~*~tactically~*~*~ (stealth).
 13433 | Lair:3   | 13433 ||| INVOKING Heroism.
 13444 | Lair:3   | 13444 ||| Stepping ~*~*~tactically~*~*~ (stealth).
 13575 | Lair:3   | 13575 ||| DROPPING +4 ring of protection.
 13576 | Lair:3   | 13576 ||| READING 4 scrolls of identify.
 13576 | Lair:3   | 13576 ||| IDENTIFYING sapphire potion
 13577 | Lair:3   | 13577 ||| DROPPING potion of berserk rage.
 13641 | Lair:4   | 13641 ||| INVOKING Heroism.
 13650 | Lair:4   | Received a gift from Okawaru
 13650 | Lair:4   | Found the +7 staff of the Meek {protect, meekguard}
 13908 | Lair:4   | 13908 ||| INVOKING Heroism.
 14015 | Lair:5   | Entered Level 5 of the Lair of Beasts
 14019 | Lair:5   | 14019 ||| INVOKING Heroism.
 14123 | Lair:5   | 14123 ||| INVOKING Heroism.
 14124 | Lair:5   | 14124 ||| INVOKING Finesse.
 14242 | Lair:5   | 14242 ||| Stepping ~*~*~tactically~*~*~ (stealth).
 14245 | Lair:5   | 14245 ||| INVOKING Heroism.
 14330 | Lair:5   | Gained mutation: Your large and strong wings let you fly.
                  | [Gargoyle growth]
 14330 | Lair:5   | Reached XP level 14. HP: 88/88 MP: 21/21
 14345 | Lair:5   | 14345 ||| Stepping ~*~*~tactically~*~*~ (stealth).
 14355 | Lair:5   | 14355 ||| INVOKING Heroism.
 14356 | Lair:5   | Found a staircase to the Slime Pits.
 14586 | Lair:5   | 14586 ||| Stepping ~*~*~tactically~*~*~ (hiding).
 14588 | Lair:5   | 14588 ||| INVOKING Heroism.
 14660 | Lair:5   | Received a gift from Okawaru
 14662 | Lair:5   | 14662 ||| INVOKING Heroism.
 14828 | Lair:5   | 14828 ||| Stepping ~*~*~tactically~*~*~ (stealth).
 14850 | Lair:5   | 14850 ||| INVOKING Heroism.
 14861 | Lair:5   | 14861 ||| Stepping ~*~*~tactically~*~*~ (stealth).
 14869 | Lair:5   | 14869 ||| Stepping ~*~*~tactically~*~*~ (stealth).
 14871 | Lair:5   | 14871 ||| Stepping ~*~*~tactically~*~*~ (hiding).
 14890 | Lair:5   | 14890 ||| Stepping ~*~*~tactically~*~*~ (stealth).
 14891 | Lair:5   | 14891 ||| Stepping ~*~*~tactically~*~*~ (stealth).
 14894 | Lair:5   | 14894 ||| Stepping ~*~*~tactically~*~*~ (hiding).
 14899 | Lair:5   | 14899 ||| Stepping ~*~*~tactically~*~*~ (stealth).
 14916 | Lair:5   | 14916 ||| INVOKING Heroism.
 14963 | Lair:5   | Identified the +3 leather armour "Ruanlume" {Harm rF+
                  | Stlth+}
 14966 | Lair:5   | 14966 ||| Stepping ~*~*~tactically~*~*~ (stealth).
 15038 | Lair:5   | 15038 ||| Stepping ~*~*~tactically~*~*~ (stealth).
 15045 | Lair:5   | 15045 ||| Stepping ~*~*~tactically~*~*~ (stealth).
 15046 | Lair:5   | 15046 ||| Stepping ~*~*~tactically~*~*~ (stealth).
 15109 | Lair:5   | Received a gift from Okawaru
 15110 | Lair:5   | Reached skill level 12 in Shields
 15204 | Lair:5   | 15204 ||| Stepping ~*~*~tactically~*~*~ (stealth).
 15236 | Lair:5   | 15236 ||| Stepping ~*~*~tactically~*~*~ (stealth).
 15566 | Lair:5   | Noticed a dire elephant
 15568 | Lair:5   | 15568 ||| INVOKING Heroism.
 15573 | Lair:5   | Killed a dire elephant
 15587 | Lair:5   | 15587 ||| Stepping ~*~*~tactically~*~*~ (hiding).
 15593 | Lair:5   | Identified the +3 kite shield of the Fiddle {rF- rC++ rN+
                  | rCorr} (Okawaru gifted it to you on level 5 of the Lair of
                  | Beasts)
 15593 | Lair:5   | Received a gift from Okawaru
 15648 | Lair:5   | 15648 ||| Stepping ~*~*~tactically~*~*~ (stealth).
 15649 | Lair:5   | 15649 ||| INVOKING Heroism.
 15650 | Lair:5   | 15650 ||| INVOKING Finesse.
 15708 | Lair:5   | 15708 ||| Stepping ~*~*~tactically~*~*~ (hiding).
 15713 | Lair:5   | Noticed a dire elephant
 15714 | Lair:5   | 15714 ||| INVOKING Heroism.
 15723 | Lair:5   | Killed a dire elephant
 15725 | Lair:5   | Reached skill level 15 in Axes
 15828 | Lair:5   | 15828 ||| PLANNING D:1-11
 15828 | Lair:5   | 15828 ||| UPGRADING to +3 kite shield of the Fiddle {rF-
                  | rC++ rN+ rCorr}.
 15838 | Lair:5   | 15838 ||| UPGRADING to +0 fire dragon scales.
 16021 | D:11     | 16021 ||| PLANNING GAUNTLET
 16067 | D:11     | 16067 ||| Stepping ~*~*~tactically~*~*~ (hiding).
 16186 | D:11     | Found a gate leading to a gauntlet.
 16194 | Gauntlet | Entered a Gauntlet
 16194 | Gauntlet | Found a transporter.
 16194 | Gauntlet | Found a transporter.
 16194 | Gauntlet | Found a transporter.
 16206 | Gauntlet | Found a transporter.
 16209 | Gauntlet | Found a transporter.
 16217 | Gauntlet | Found a transporter.
 16220 | Gauntlet | Found a transporter.
 16224 | Gauntlet | Found a runed translucent door.
 16228 | Gauntlet | Found a transporter.
 16238 | Gauntlet | Found a runed translucent door.
 16248 | Gauntlet | Found a transporter.
 16250 | Gauntlet | Noticed a balrug
 16270 | Gauntlet | Found a transporter.
 16270 | Gauntlet | Found a transporter.
 16280 | Gauntlet | Found a transporter.
 16423 | Gauntlet | 16423 ||| INVOKING Heroism.
 16428 | Gauntlet | Killed a balrug
 16429 | Gauntlet | Reached XP level 15. HP: 52/94 MP: 19/22
 16567 | Gauntlet | 16567 ||| DROPPING +0 helmet of intelligence.
 16607 | Gauntlet | 16607 ||| INVOKING Heroism.
 16623 | Gauntlet | Identified the +1 robe of the Jackalope {rElec rF+ Str-3}
 16623 | Gauntlet | Identified the staff "Xydd" {rPois Str+4 Poison}
 16662 | Gauntlet | 16662 ||| DROPPING ring of willpower.
 16678 | D:11     | 16678 ||| PLANNING D:1-11
 16930 | D:11     | 16930 ||| Stepping ~*~*~tactically~*~*~ (hiding).
 17133 | D:11     | 17133 ||| PLANNING D
 17229 | D:12     | Found a staircase to the Orcish Mines.
 17247 | D:12     | Reached skill level 6 in Throwing
 17280 | D:12     | 17280 ||| DROPPING +1 flail of protection.
 17340 | D:12     | 17340 ||| Stepping ~*~*~tactically~*~*~ (stealth).
 17550 | D:13     | 17550 ||| INVOKING Heroism.
 17554 | D:13     | Received a gift from Okawaru
 17555 | D:13     | Reached skill level 12 in Fighting
 17698 | D:13     | 17698 ||| Stepping ~*~*~tactically~*~*~ (stealth).
 17888 | D:13     | Received a gift from Okawaru
 18018 | D:13     | 18018 ||| Stepping ~*~*~tactically~*~*~ (hiding).
 18323 | D:14     | Received a gift from Okawaru
 18326 | D:14     | 18326 ||| INVOKING Heroism.
 18330 | D:14     | HP: 21/96 [mirror damage (11)]
 18331 | D:14     | 18331 ||| READING 9 scrolls of teleportation.
 18332 | D:14     | 18332 ||| DRINKING 2 potions of heal wounds.
 18400 | D:14     | 18400 ||| INVOKING Heroism.
 18444 | D:14     | 18444 ||| INVOKING Heroism.
 18445 | D:14     | 18445 ||| INVOKING Finesse.
 18487 | D:14     | Received a gift from Okawaru
 18513 | D:14     | 18513 ||| Stepping ~*~*~tactically~*~*~ (hiding).
 18514 | D:14     | 18514 ||| Stepping ~*~*~tactically~*~*~ (hiding).
 18517 | D:14     | 18517 ||| Stepping ~*~*~tactically~*~*~ (hiding).
 18518 | D:14     | 18518 ||| Stepping ~*~*~tactically~*~*~ (hiding).
 18520 | D:14     | 18520 ||| Stepping ~*~*~tactically~*~*~ (hiding).
 18532 | D:14     | 18532 ||| Stepping ~*~*~tactically~*~*~ (stealth).
 18536 | D:14     | 18536 ||| FLEEEEING.
 18766 | D:14     | Noticed Louise
 18767 | D:14     | 18767 ||| INVOKING Heroism.
 18768 | D:14     | 18768 ||| INVOKING Finesse.
 18782 | D:14     | Killed Louise
 18816 | D:14     | 18816 ||| DROPPING +1 flail of holy wrath.
 18817 | D:14     | 18817 ||| DROPPING +1 demon whip of venom.
 18818 | D:14     | 18818 ||| DROPPING +0 morningstar.
 18956 | D:14     | Received a gift from Okawaru
 18957 | D:14     | 18957 ||| INVOKING Heroism.
 19001 | D:14     | 19001 ||| FLEEEEING.
 19070 | D:14     | Found a gate to the Vaults.
 19165 | D:14     | 19165 ||| DROPPING +0 kite shield.
 19166 | D:14     | 19166 ||| UPGRADING to +0 tower shield.
 19176 | D:14     | 19176 ||| UPGRADING to +0 plate armour.
 19186 | D:14     | 19186 ||| READING scroll labelled HIYSEAPAAR.
 19194 | D:15     | Entered Level 15 of the Dungeon
 19208 | D:15     | 19208 ||| Stepping ~*~*~tactically~*~*~ (hiding).
 19301 | D:15     | Received a gift from Okawaru
 19304 | D:15     | 19304 ||| INVOKING Heroism.
 19305 | D:15     | 19305 ||| INVOKING Finesse.
 19400 | D:15     | 19400 ||| Stepping ~*~*~tactically~*~*~ (hiding).
 19415 | D:15     | 19415 ||| Stepping ~*~*~tactically~*~*~ (stealth).
 19416 | D:15     | 19416 ||| Stepping ~*~*~tactically~*~*~ (stealth).
 19418 | D:15     | 19418 ||| Stepping ~*~*~tactically~*~*~ (hiding).
 19419 | D:15     | 19419 ||| Stepping ~*~*~tactically~*~*~ (stealth).
 19420 | D:15     | 19420 ||| Stepping ~*~*~tactically~*~*~ (hiding).
 19428 | D:15     | 19428 ||| Stepping ~*~*~tactically~*~*~ (hiding).
 19506 | D:15     | 19506 ||| Stepping ~*~*~tactically~*~*~ (hiding).
 19506 | D:15     | Found a radiant altar of Vehumet.
 19507 | D:15     | 19507 ||| INVOKING Heroism.
 19508 | D:15     | 19508 ||| INVOKING Finesse.
 19980 | D:15     | 19980 ||| Stepping ~*~*~tactically~*~*~ (hiding).
 19984 | D:15     | 19984 ||| INVOKING Heroism.
 19991 | D:15     | Reached XP level 16. HP: 73/101 MP: 21/23
 20070 | D:15     | Found a staircase to the Depths.
 20181 | D:15     | Found a blossoming altar of Fedhas.
 20202 | D:15     | 20202 ||| PLANNING ORC
 20300 | Orc:1    | Entered Level 1 of the Orcish Mines
 20306 | Orc:1    | Noticed Jorgrun
 20307 | Orc:1    | 20307 ||| Stepping ~*~*~tactically~*~*~ (stealth).
 20309 | Orc:1    | 20309 ||| INVOKING Heroism.
 20310 | Orc:1    | 20310 ||| INVOKING Finesse.
 20317 | Orc:1    | Killed Jorgrun
 20317 | Orc:1    | Received a gift from Okawaru
 20440 | Orc:1    | 20440 ||| Stepping ~*~*~tactically~*~*~ (stealth).
 20556 | Orc:2    | Entered Level 2 of the Orcish Mines
 20600 | Orc:1    | 20600 ||| Stepping ~*~*~tactically~*~*~ (stealth).
 20669 | Orc:1    | 20669 ||| Stepping ~*~*~tactically~*~*~ (hiding).
 20673 | Orc:1    | 20673 ||| Stepping ~*~*~tactically~*~*~ (stealth).
 20676 | Orc:1    | 20676 ||| INVOKING Heroism.
 20678 | Orc:1    | 20678 ||| Stepping ~*~*~tactically~*~*~ (hiding).
 20819 | Orc:2    | Found a staircase to the Elven Halls.
 21021 | Orc:2    | 21021 ||| Stepping ~*~*~tactically~*~*~ (hiding).
 21075 | Orc:2    | 21075 ||| Stepping ~*~*~tactically~*~*~ (hiding).
 21099 | Orc:2    | Found Figilijo's Antique Armour Shoppe.
 21113 | Orc:2    | 21113 ||| BUYING glowing helmet (217 gold).
 21113 | Orc:2    | Bought a glowing helmet for 217 gold pieces
 21113 | Orc:2    | 21113 ||| SHOPLISTING runed storm dragon scales (2407 gold,
                  | have 1835).
 21150 | Orc:2    | 21150 ||| Stepping ~*~*~tactically~*~*~ (hiding).
 21159 | Orc:2    | 21159 ||| DRINKING 7 potions of curing.
 21159 | Orc:2    | 21159 ||| (to cure confusion)
 21166 | Orc:2    | Received a gift from Okawaru
 21212 | Orc:2    | 21212 ||| Stepping ~*~*~tactically~*~*~ (hiding).
 21423 | Orc:2    | 21423 ||| Stepping ~*~*~tactically~*~*~ (stealth).
 21432 | Orc:2    | 21432 ||| Stepping ~*~*~tactically~*~*~ (hiding).
 21435 | Orc:2    | 21435 ||| Stepping ~*~*~tactically~*~*~ (hiding).
 21437 | Orc:2    | 21437 ||| Stepping ~*~*~tactically~*~*~ (hiding).
 21438 | Orc:2    | 21438 ||| Stepping ~*~*~tactically~*~*~ (hiding).
 21439 | Orc:2    | 21439 ||| Stepping ~*~*~tactically~*~*~ (hiding).
 21502 | Orc:2    | 21502 ||| DRINKING 6 potions of curing.
 21502 | Orc:2    | 21502 ||| (to cure confusion)
 21504 | Orc:2    | 21504 ||| DRINKING 5 potions of curing.
 21504 | Orc:2    | 21504 ||| (to cure confusion)
 21513 | Orc:2    | 21513 ||| Stepping ~*~*~tactically~*~*~ (stealth).
 21517 | Orc:2    | 21517 ||| INVOKING Heroism.
 21526 | Orc:2    | Reached skill level 15 in Shields
 21541 | Orc:2    | 21541 ||| Stepping ~*~*~tactically~*~*~ (hiding).
 21556 | Orc:2    | Found Poruipaj's Distillery.
 21556 | Orc:2    | Found Wamum's Book Emporium.
 21556 | Orc:2    | Found Munes's Weapon Emporium.
 21557 | Orc:2    | 21557 ||| Stepping ~*~*~tactically~*~*~ (stealth).
 21582 | Orc:2    | 21582 ||| Stepping ~*~*~tactically~*~*~ (stealth).
 21585 | Orc:2    | 21585 ||| INVOKING Heroism.
 21588 | Orc:2    | Received a gift from Okawaru
 21614 | Orc:2    | 21614 ||| Stepping ~*~*~tactically~*~*~ (stealth).
 21615 | Orc:2    | 21615 ||| Stepping ~*~*~tactically~*~*~ (stealth).
 21639 | Orc:2    | 21639 ||| Stepping ~*~*~tactically~*~*~ (stealth).
 21640 | Orc:2    | 21640 ||| Stepping ~*~*~tactically~*~*~ (stealth).
 21647 | Orc:2    | Found Neapn's Magic Scroll Shoppe.
 21650 | Orc:2    | 21650 ||| BUYING potion of attraction (39 gold).
 21650 | Orc:2    | Bought a potion of attraction for 39 gold pieces
 21650 | Orc:2    | 21650 ||| BUYING potion of attraction (39 gold).
 21650 | Orc:2    | Bought a potion of attraction for 39 gold pieces
 21650 | Orc:2    | 21650 ||| BUYING potion of curing (39 gold).
 21650 | Orc:2    | Bought a potion of curing for 39 gold pieces
 21650 | Orc:2    | 21650 ||| BUYING potion of curing (39 gold).
 21650 | Orc:2    | Bought a potion of curing for 39 gold pieces
 21650 | Orc:2    | 21650 ||| BUYING potion of enlightenment (65 gold).
 21650 | Orc:2    | Bought a potion of enlightenment for 65 gold pieces
 21650 | Orc:2    | 21650 ||| BUYING potion of lignification (39 gold).
 21650 | Orc:2    | Bought a potion of lignification for 39 gold pieces
 21663 | Orc:2    | 21663 ||| BUYING scroll of identify (34 gold).
 21663 | Orc:2    | Bought a scroll of identify for 34 gold pieces
 21663 | Orc:2    | 21663 ||| BUYING scroll of identify (34 gold).
 21663 | Orc:2    | Bought a scroll of identify for 34 gold pieces
 21663 | Orc:2    | 21663 ||| BUYING scroll of teleportation (51 gold).
 21663 | Orc:2    | Bought a scroll of teleportation for 51 gold pieces
 21711 | Orc:2    | 21711 ||| INVOKING Heroism.
 21821 | Orc:2    | 21821 ||| PLANNING SWAMP:1-3
 21821 | Orc:2    | 21821 ||| UPGRADING to +2 helmet.
 21831 | Orc:2    | 21831 ||| DROPPING +0 helmet.
 22011 | Swamp:1  | Entered Level 1 of the Swamp
 22017 | Swamp:1  | 22017 ||| Stepping ~*~*~tactically~*~*~ (stealth).
 22018 | Swamp:1  | 22018 ||| INVOKING Heroism.
 22034 | Swamp:1  | 22034 ||| Stepping ~*~*~tactically~*~*~ (stealth).
 22038 | Swamp:1  | 22038 ||| INVOKING Finesse.
 22040 | Swamp:1  | 22040 ||| INVOKING Heroism.
 22050 | Swamp:1  | Received a gift from Okawaru
 22107 | Swamp:1  | 22107 ||| Stepping ~*~*~tactically~*~*~ (stealth).
 22109 | Swamp:1  | 22109 ||| Stepping ~*~*~tactically~*~*~ (stealth).
 22125 | Swamp:1  | 22125 ||| Stepping ~*~*~tactically~*~*~ (stealth).
 22130 | Swamp:1  | 22130 ||| Stepping ~*~*~tactically~*~*~ (stealth).
 22133 | Swamp:1  | 22133 ||| FLEEEEING.
 22272 | Swamp:1  | Received a gift from Okawaru
 22321 | Swamp:1  | 22321 ||| Stepping ~*~*~tactically~*~*~ (stealth).
 22327 | Swamp:1  | 22327 ||| FLEEEEING.
 22329 | Swamp:1  | 22329 ||| FLEEEEING.
 22578 | Swamp:1  | Received a gift from Okawaru
 22641 | Swamp:1  | 22641 ||| DROPPING +4 ring of slaying {mikee}.
 22654 | Swamp:2  | Noticed Donald
 22655 | Swamp:2  | 22655 ||| INVOKING Heroism.
 22656 | Swamp:2  | 22656 ||| INVOKING Finesse.
 22664 | Swamp:2  | Killed Donald
 22666 | Swamp:2  | 22666 ||| Stepping ~*~*~tactically~*~*~ (hiding).
 22667 | Swamp:2  | 22667 ||| Stepping ~*~*~tactically~*~*~ (hiding).
 22742 | Swamp:2  | 22742 ||| Stepping ~*~*~tactically~*~*~ (stealth).
 22744 | Swamp:2  | 22744 ||| INVOKING Heroism.
 22745 | Swamp:2  | 22745 ||| INVOKING Finesse.
 22773 | Swamp:2  | 22773 ||| Stepping ~*~*~tactically~*~*~ (stealth).
 22807 | Swamp:2  | 22807 ||| Stepping ~*~*~tactically~*~*~ (hiding).
 22936 | Swamp:2  | 22936 ||| Stepping ~*~*~tactically~*~*~ (cloud).
 23015 | Swamp:2  | 23015 ||| INVOKING Heroism.
 23172 | Swamp:2  | Noticed Mlioglotl
 23173 | Swamp:2  | 23173 ||| INVOKING Heroism.
 23174 | Swamp:2  | 23174 ||| INVOKING Finesse.
 23191 | Swamp:2  | Killed Mlioglotl
 23192 | Swamp:2  | 23192 ||| Stepping ~*~*~tactically~*~*~ (hiding).
 23198 | Swamp:2  | Reached skill level 12 in Armour
 23198 | Swamp:2  | Received a gift from Okawaru
 23240 | Swamp:2  | 23240 ||| INVOKING Heroism.
 23258 | Swamp:2  | HP: 16/101 [goliath frog (15)]
 23259 | Swamp:2  | 23259 ||| READING 11 scrolls of teleportation.
 23260 | Swamp:2  | 23260 ||| DRINKING 4 potions of heal wounds.
 23724 | Swamp:3  | 23724 ||| INVOKING Heroism.
 23756 | Swamp:3  | Received a gift from Okawaru
 23854 | Swamp:3  | 23854 ||| FLEEEEING.
 23914 | Swamp:3  | Received a gift from Okawaru
 23921 | Swamp:3  | 23921 ||| Stepping ~*~*~tactically~*~*~ (stealth).
 23998 | Swamp:3  | 23998 ||| INVOKING Heroism.
 24013 | Swamp:3  | 24013 ||| Stepping ~*~*~tactically~*~*~ (stealth).
 24027 | Swamp:3  | 24027 ||| Stepping ~*~*~tactically~*~*~ (stealth).
 24030 | Swamp:3  | 24030 ||| Stepping ~*~*~tactically~*~*~ (stealth).
 24154 | Swamp:3  | 24154 ||| INVOKING Heroism.
 24163 | Swamp:3  | Reached XP level 17. HP: 90/106 MP: 22/24
 24330 | Swamp:3  | 24330 ||| INVOKING Heroism.
 24506 | Swamp:3  | 24506 ||| PLANNING SPIDER:1-3
 24506 | Swamp:3  | 24506 ||| READING scroll labelled KAQEURCH KAHECE.
 24642 | Spider:1 | Entered Level 1 of the Spider Nest
 24730 | Spider:1 | 24730 ||| Stepping ~*~*~tactically~*~*~ (stealth).
 24759 | Spider:1 | 24759 ||| Stepping ~*~*~tactically~*~*~ (stealth).
 24760 | Spider:1 | 24760 ||| INVOKING Finesse.
 24839 | Spider:1 | Received a gift from Okawaru
 24923 | Spider:1 | 24923 ||| INVOKING Finesse.
 25088 | Spider:1 | 25088 ||| Stepping ~*~*~tactically~*~*~ (stealth).
 25318 | Spider:1 | 25318 ||| READING scroll labelled TOBAFO LULACK.
 25464 | Spider:1 | 25464 ||| Stepping ~*~*~tactically~*~*~ (hiding).
 25467 | Spider:1 | 25467 ||| INVOKING Heroism.
 25504 | Spider:1 | Identified the +7 plate armour of Neuboiduann {+Blink rF+
                  | rN+} (Okawaru gifted it to you on level 1 of the Spider
                  | Nest)
 25504 | Spider:1 | Received a gift from Okawaru
 25715 | Spider:1 | 25715 ||| INVOKING Heroism.
 25919 | Spider:1 | 25919 ||| Stepping ~*~*~tactically~*~*~ (stealth).
 25920 | Spider:1 | 25920 ||| INVOKING Finesse.
 26086 | Spider:1 | 26086 ||| DROPPING +0 fire dragon scales.
 26087 | Spider:1 | 26087 ||| UPGRADING to +7 plate armour of Neuboiduann
                  | {+Blink rF+ rN+}.
 26097 | Spider:1 | 26097 ||| DROPPING +0 plate armour.
 26131 | Spider:2 | Identified the +2 buckler of the Griffon {Str+3 SInv}
 26180 | Spider:2 | 26180 ||| INVOKING Heroism.
 26319 | Spider:2 | 26319 ||| Stepping ~*~*~tactically~*~*~ (hiding).
 26320 | Spider:2 | 26320 ||| INVOKING Heroism.
 26474 | Spider:2 | 26474 ||| Stepping ~*~*~tactically~*~*~ (stealth).
 26610 | Spider:2 | 26610 ||| Stepping ~*~*~tactically~*~*~ (stealth).
 26680 | Spider:2 | 26680 ||| Stepping ~*~*~tactically~*~*~ (stealth).
 26681 | Spider:2 | 26681 ||| INVOKING Finesse.
 26748 | Spider:2 | 26748 ||| Stepping ~*~*~tactically~*~*~ (stealth).
 26816 | Spider:2 | 26816 ||| Stepping ~*~*~tactically~*~*~ (stealth).
 26846 | Spider:2 | 26846 ||| INVOKING Heroism.
 27218 | Spider:2 | 27218 ||| Stepping ~*~*~tactically~*~*~ (hiding).
 27278 | Spider:2 | 27278 ||| Stepping ~*~*~tactically~*~*~ (stealth).
 27279 | Spider:2 | 27279 ||| Stepping ~*~*~tactically~*~*~ (stealth).
 27281 | Spider:2 | 27281 ||| INVOKING Heroism.
 27346 | Spider:2 | 27346 ||| Stepping ~*~*~tactically~*~*~ (stealth).
 27347 | Spider:2 | 27347 ||| Stepping ~*~*~tactically~*~*~ (stealth).
 27349 | Spider:2 | 27349 ||| Stepping ~*~*~tactically~*~*~ (stealth).
 27388 | Spider:2 | 27388 ||| DROPPING +3 plate armour.
 27456 | Spider:3 | 27456 ||| Stepping ~*~*~tactically~*~*~ (stealth).
 27468 | Spider:3 | 27468 ||| Stepping ~*~*~tactically~*~*~ (stealth).
 27495 | Spider:3 | 27495 ||| DRINKING 6 potions of curing.
 27495 | Spider:3 | 27495 ||| (to cure confusion)
 27573 | Spider:3 | 27573 ||| INVOKING Finesse.
 27575 | Spider:3 | 27575 ||| INVOKING Heroism.
 27576 | Spider:3 | 27576 ||| READING 10 scrolls of teleportation.
 27577 | Spider:3 | HP: 17/108 [meliai/divine providence (11)]
 27578 | Spider:3 | 27578 ||| DRINKING 5 potions of heal wounds.
 27580 | Spider:3 | 27580 ||| DRINKING 4 potions of heal wounds.
 27582 | Spider:3 | 27582 ||| DRINKING 3 potions of heal wounds.
 27583 | Spider:3 | 27583 ||| DRINKING potion of cancellation.
 27764 | Spider:3 | 27764 ||| Stepping ~*~*~tactically~*~*~ (stealth).
 27765 | Spider:3 | 27765 ||| Stepping ~*~*~tactically~*~*~ (stealth).
 27767 | Spider:3 | 27767 ||| Stepping ~*~*~tactically~*~*~ (stealth).
 27807 | Spider:3 | 27807 ||| Stepping ~*~*~tactically~*~*~ (stealth).
 27809 | Spider:3 | 27809 ||| INVOKING Heroism.
 27814 | Spider:3 | Reached skill level 18 in Axes
 27845 | Spider:3 | 27845 ||| Stepping ~*~*~tactically~*~*~ (stealth).
 27862 | Spider:3 | 27862 ||| Stepping ~*~*~tactically~*~*~ (stealth).
 27869 | Spider:3 | Reached XP level 18. HP: 114/114 MP: 25/25
 27876 | Spider:3 | 27876 ||| DROPPING +4 eveningstar of protection.
 27889 | Spider:3 | 27889 ||| INVOKING Heroism.
 27901 | Spider:3 | 27901 ||| INVOKING Finesse.
 27909 | Spider:3 | Identified the +1 helmet of Fallacy {rPois rC+ Will-}
                  | (Okawaru gifted it to you on level 3 of the Spider Nest)
 27909 | Spider:3 | Received a gift from Okawaru
 28431 | Spider:3 | 28431 ||| Stepping ~*~*~tactically~*~*~ (stealth).
 28510 | Spider:3 | 28510 ||| Stepping ~*~*~tactically~*~*~ (stealth).
 28518 | Spider:3 | 28518 ||| INVOKING Finesse.
 28550 | Spider:3 | 28550 ||| Stepping ~*~*~tactically~*~*~ (stealth).
 28552 | Spider:3 | 28552 ||| Stepping ~*~*~tactically~*~*~ (stealth).
 28567 | Spider:3 | 28567 ||| INVOKING Heroism.
 28578 | Spider:3 | Reached skill level 18 in Shields
 28618 | Spider:3 | 28618 ||| Stepping ~*~*~tactically~*~*~ (stealth).
 28985 | Spider:3 | 28985 ||| PLANNING SWAMP:4
 29199 | Swamp:4  | Entered Level 4 of the Swamp
 29200 | Swamp:4  | 29200 ||| INVOKING Heroism.
 29227 | Swamp:4  | 29227 ||| Stepping ~*~*~tactically~*~*~ (hiding).
 29233 | Swamp:4  | 29233 ||| INVOKING Heroism.
 29304 | Swamp:4  | 29304 ||| INVOKING Heroism.
 29340 | Swamp:4  | 29340 ||| FLEEEEING.
 29341 | Swamp:4  | 29341 ||| FLEEEEING.
 29342 | Swamp:4  | 29342 ||| FLEEEEING.
 29343 | Swamp:4  | 29343 ||| INVOKING Heroism.
 29355 | Swamp:4  | 29355 ||| Stepping ~*~*~tactically~*~*~ (hiding).
 29397 | Swamp:4  | Reached skill level 15 in Fighting
 29398 | Swamp:4  | 29398 ||| FLEEEEING.
 29399 | Swamp:4  | 29399 ||| FLEEEEING.
 29400 | Swamp:4  | 29400 ||| FLEEEEING.
 29401 | Swamp:4  | 29401 ||| FLEEEEING.
 29402 | Swamp:4  | 29402 ||| INVOKING Heroism.
 29407 | Swamp:4  | 29407 ||| Stepping ~*~*~tactically~*~*~ (hiding).
 29410 | Swamp:4  | 29410 ||| Stepping ~*~*~tactically~*~*~ (hiding).
 29412 | Swamp:4  | 29412 ||| Stepping ~*~*~tactically~*~*~ (hiding).
 29422 | Swamp:4  | Received a gift from Okawaru
 29430 | Swamp:4  | HP: 29/119 [11-headed hydra (6)]
 29431 | Swamp:4  | 29431 ||| READING 11 scrolls of teleportation.
 29431 | Swamp:4  | HP: 8/119 [ten-headed hydra (8)]
 29431 | Swamp:4  | Slain by a ten-headed hydra

Levels and vault maps discovered:
D:1:      amcnicky_arrival_abandoned_market, layout_basic,
          minmay_misc_feat_alley
D:2:      layout_basic
D:3:      layout_loops_ring, grunt_temple_overflow_gold_and_silver,
          mainiacjoe_overflow_concentric_impassable,
          mainiacjoe_overflow_catwalk_spiral, serial_bayou_crossing, uniq_ijyb,
          uniq_sigmund
D:4:      layout_cave_pools, tso_metal_star, kennysheep_slug_shrine,
          nicolae_elyvilon_temple_path, mainiacjoe_overflow_boulevard,
          uniq_menkaure
D:5:      layout_loops_ring, mainiacjoe_overflow_24_doors,
          mainiacjoe_overflow_cross_hatched, minmay_temple_entry_proselytizer,
          uniq_pikel, uniq_blork_the_orc, uniq_crazy_yiuf_cottage
D:6:      layout_gridville, gammafunk_ghost_split,
          chequers_serial_rivers_large_a
D:7:      layout_loops_cross, st_stairs_3, corexii_leaking_fountain
D:8:      layout_loops_corners, minmay_increasing_density, uniq_grum
D:9:      layout_rooms, lemuel_coloured_pillars_altar
D:10:     lemuel_insect_pit, layout_basic, lair_entry_dummy,
          minmay_shop_enchanted_jewellery, uniq_josephine
D:11:     layout_roguey, gauntlet_entry_generic, lemuel_flamethrower_hall
D:12:     layout_cross, erik_orc_4
D:13:     layout_rooms, minmay_quadrilaterals
D:14:     layout_cave_pools, ximxim_vaults_locker_room, uniq_louise
D:15:     grunt_enter_depths_hoard, layout_loops_ring, fedhas_altar_fruit_tree,
          vehumet_statue
Temple:   eino_temple_lava
Lair:1:   layout_cave_pods, infiniplex_staircase_pool
Lair:2:   layout_cave_pods, minmay_swamp_entry_worms, st_stairs_5,
          grunt_megastairs_5, infiniplex_staircase_pool_2
Lair:3:   lemuel_reptile_caves, layout_layer_cave, spider_nest_entry_rubble,
          guppyfry_lair_drakes
Lair:4:   layout_gridlike, kilobyte_rumbling_trees, uniq_urug
Lair:5:   hangedman_lair_in_review, layout_regular_city,
          hangedman_lair_caniforms_friends, minmay_slime_entry_oklob_enclosed,
          nicolae_volcano_entry_two_sided
Swamp:1:  layout_basic_swamp, evilmike_swamp_ruin_rubble_2, swamp_pool3
Swamp:2:  layout_basic_swamp, nicolae_swamp_ascending_descending,
          nzn_swamp_stair_ambush, uniq_mlioglotl, uniq_donald
Swamp:3:  layout_basic_swamp, nicolae_swamp_well_well_well,
          nicolae_swamp_bloodsuckers_inc
Swamp:4:  swamp_alternative, layout_basic_swamp
Spider:1: layout_cave_pods, nicolae_spider_scorpion_nest
Spider:2: layout_spider_delve, hellmonk_deceptive_appearances
Spider:3: nicolae_spider_hilbert_zone_2 [nicolae_spider_hilbert_4_sides_1_open,
          nicolae_spider_hilbert_4_sides_1_open,
          nicolae_spider_hilbert_4_sides_1_open,
          nicolae_spider_hilbert_4_sides_1_open,
          nicolae_spider_hilbert_6_sides_1_open,
          nicolae_spider_hilbert_6_sides_1_open,
          nicolae_spider_hilbert_3_sides_1_open,
          nicolae_spider_hilbert_3_sides_1_open,
          nicolae_spider_hilbert_3_sides_1_open,
          nicolae_spider_hilbert_3_sides_1_open,
          nicolae_spider_hilbert_6_sides_1_open,
          nicolae_spider_hilbert_6_sides_1_open,
          nicolae_spider_hilbert_6_sides_1_open,
          nicolae_spider_hilbert_6_sides_1_open]
Orc:1:    layout_diamond_mine, abandoned_shop, uniq_jorgrun
Orc:2:    st_orc_mages, layout_diamond_mine, serial_shops, shop,
          hellmonk_bongcloud_opening, nicolae_orc_lost_temple

Skill      XL: |  1  2  3  4  5  6  7  8  9 10 11 12 13 14 15 16 17 18 |
---------------+-------------------------------------------------------+-----
Axes           | 2 3 5 6 8 9 10 11 12 13 15 16 18 | 18.0
Dodging        | 1 2 3 4 |  4.0
Fighting       | 4 6 7 8 9 10 11 12 13 15 | 15.0
Throwing       | 2 3 4 5 6 7 |  7.0
Shields        | 4 5 7 10 11 12 14 17 18 | 18.3
Armour         | 4 5 7 10 11 12 13 14 | 14.0
Invocations    | 4 6 10 | 10.0

Action                     |  1- 3 |  4- 6 |  7- 9 | 10-12 | 13-15 | 16-18 || total
---------------------------+-------+-------+-------+-------+-------+-------++-------
  Melee: War axe           |   107 |       |       |       |       |       ||   107
         Broad axe         |     9 |    25 |   139 |   286 |   680 |   946 ||  2085
  Throw: Javelin           |       |       |    41 |    20 |    76 |   128 ||   265
         Boomerang         |       |       |    14 |    81 |   124 |   203 ||   422
 Invoke: Heroism           |       |       |     1 |    19 |    35 |    31 ||    86
         Finesse           |       |       |       |     2 |     9 |    12 ||    23
    Use: Scroll            |     4 |     4 |     9 |     5 |     5 |     5 ||    32
         Potion            |     1 |       |     4 |     3 |     1 |     9 ||    18
   Stab: Distracted        |       |       |       |       |     1 |       ||     1
 Armour: Scale mail        |    62 |     1 |       |       |       |       ||    63
         Chain mail        |       |     9 |    23 |       |       |       ||    32
         Fire dragon scale |       |       |    10 |    65 |    88 |       ||   163
         Plate armour      |       |       |       |    24 |   137 |   396 ||   557
  Dodge: Dodged            |    48 |     4 |    25 |   148 |   267 |   307 ||   799
  Block: Buckler           |    21 |     7 |    18 |    50 |       |       ||    96
         Kite shield       |       |       |       |    56 |   337 |       ||   393
         Tower shield      |       |       |       |       |    42 |   681 ||   723

Table legend:
 A = Non-vault XP
 B = Vault XP
 C = Vault XP percentage of total XP
 D = Non-vault monster count
 E = Vault monster count
 F = Vault count percentage of total count
                 A         B        C        D         E       F
            +---------+---------+-------+---------+---------+-------
      Total |  207317 |   91859 |  30.7 |     773 |     298 |  27.8
            +---------+---------+-------+---------+---------+-------
        D:1 |      32 |       0 |   0.0 |      20 |       0 |   0.0
        D:2 |      23 |       0 |   0.0 |      13 |       0 |   0.0
        D:3 |      48 |     250 |  83.9 |       8 |       2 |  20.0
        D:4 |     351 |     169 |  32.5 |      22 |       2 |   8.3
        D:5 |     266 |     779 |  74.5 |      17 |       3 |  15.0
        D:6 |     673 |       0 |   0.0 |      20 |       0 |   0.0
        D:7 |    1443 |     154 |   9.6 |      21 |       2 |   8.7
        D:8 |    1698 |    1182 |  41.0 |      22 |      10 |  31.2
        D:9 |    2825 |       0 |   0.0 |      26 |       0 |   0.0
       D:10 |    4206 |    1733 |  29.2 |      28 |       5 |  15.2
       D:11 |    1783 |       0 |   0.0 |      17 |       0 |   0.0
       D:12 |    4403 |     445 |   9.2 |      19 |      15 |  44.1
       D:13 |    6646 |    3966 |  37.4 |      15 |       8 |  34.8
       D:14 |    9936 |    5671 |  36.3 |      28 |      13 |  31.7
       D:15 |    8766 |    1782 |  16.9 |      22 |       3 |  12.0
     Lair:1 |    9178 |       0 |   0.0 |      43 |       0 |   0.0
     Lair:2 |    1773 |    2636 |  59.8 |       7 |      12 |  63.2
     Lair:3 |    6748 |    4693 |  41.0 |      30 |      35 |  53.8
     Lair:4 |    8290 |    1783 |  17.7 |      20 |       8 |  28.6
     Lair:5 |   10440 |   21708 |  67.5 |      40 |      77 |  65.8
    Swamp:1 |   12951 |       0 |   0.0 |      25 |       0 |   0.0
    Swamp:2 |   11381 |    6297 |  35.6 |      21 |       6 |  22.2
    Swamp:3 |   11773 |    2726 |  18.8 |      27 |      12 |  30.8
    Swamp:4 |   16393 |   12804 |  43.9 |      27 |      16 |  37.2
   Spider:1 |   20664 |    6058 |  22.7 |      57 |       5 |   8.1
   Spider:2 |   19487 |    1117 |   5.4 |      44 |       2 |   4.3
   Spider:3 |   31027 |    5763 |  15.7 |      73 |      13 |  15.1
      Orc:1 |    1777 |    1959 |  52.4 |      21 |       1 |   4.5
      Orc:2 |    2336 |    4086 |  63.6 |      40 |      41 |  50.6
   Gauntlet |       0 |    4098 | 100.0 |       0 |       7 | 100.0
            +---------+---------+-------+---------+---------+-------
